[Event "Late-Titled-Tuesday-Blitz-May-28-2024"]
[Site "Chess.com"]
[Date "2024.05.28"]
[Round "3"]
[White "GMBenjaminFinegold"]
[Black "SaiHanThiha"]
[Result "0-1"]
[WhiteElo "2740"]
[BlackElo "2519"]
[TimeControl "180+1"]
[EndTime "14:28:34 PDT"]
[Termination "SaiHanThiha won by resignation"]

1. d4 Nf6 2. c4 e6 3. Nc3 Bb4 4. Qc2 O-O 5. Nf3 c5 6. dxc5 Na6 7.
Bd2 Nxc5 8. a3 Bxc3 9. Bxc3 Nce4 10. Bxf6 Nxf6 11. e4 d5 12. e5 Nd7 13. Rd1 Qc7 14.
Qc3 dxc4 15. Bxc4 Nb6 16. Rc1 Bd7 17. Bd3 Qxc3+ 18. Rxc3 Rac8 19. Kd2 Rxc3 20. Kxc3 Nd5+ 21. Kd2 Nf4 22. Be4 Nxg2 23. Rg1 Nf4 24. Rc1 Rc8 25. Rxc8+ Bxc8 26. Ke3 Ng6 27. Kd4 b6 28. Bxg6 hxg6 29. Ng5 Bb7 30. b4 Kf8 31. f4 Ke7 32. h4 Bg2 33. Kc4 f6 34. Nh7 Bf1+ 35. Kd4 Kf7 36. a4 a5 37. bxa5 bxa5 38. Kc5 Bd3 39. Kb6 g5 40. hxg5 Bxh7 41. exf6 gxf6 42. Kxa5 fxg5 43. fxg5 Kg6 44. Kb4 Kxg5 45. a5 Be4 46. Kc3 Ba8 47.
Kd4 Kf4 48. a6 e5+ 49. Kd3 e4+ 50. Ke2 e3 51. a7 Ke4 52. Ke1 Kf3 53. Kf1 Bc6 54.
Ke1 e2 55. Kd2 Kf2 0-1

[Event "Late-Titled-Tuesday-Blitz-May-28-2024"]
[Site "Chess.com"]
[Date "2024.05.28"]
[Round "3"]
[White "Grischuk"]
[Black "CarlosjPineror"]
[Result "1-0"]
[WhiteElo "3137"]
[BlackElo "2775"]
[TimeControl "180+1"]
[EndTime "14:28:36 PDT"]
[Termination "Grischuk won by resignation"]

1. d4 Nf6 2. c4 g6 3. g3 d6 4. Bg2 Bg7 5. Nc3 O-O 6. Nf3 c5 7. dxc5 dxc5 8. Qxd8 Rxd8 9. Ne5 Ne8 10. Nd3 Na6 11.
Bg5 Kf8 12. Nd5 f6 13. Be3 Nd6 14. Nxc5 Nxc4 15. Nxa6 bxa6 16. Bc5 Nd6 17. Nxe7 Kxe7 18. Bxa8 Bh3 19. Bf3 f5 20. Rd1 Bxb2 21. Rxd6 Rxd6 22. Bxd6+ Kxd6 23. Kd2 Bd4 24. e3 Bc5 25. Rb1 a5 26. Rb7 Bf1 27. Be2 Bg2 28. Rxh7 Bb4+ 29. Kc2 Be1 30. f3 g5 31. Rh5 Ke5 32. Rxg5 Kf6 33. Rh5 Bb4 34. Bd3 f4 35. Rf5+ Ke6 36. Rxf4 Bc5 37.
Kd2 1-0

[Event "Late-Titled-Tuesday-Blitz-May-28-2024"]
[Site "Chess.com"]
[Date "2024.05.28"]
[Round "3"]
[White "Engima32"]
[Black "lamomiablanca"]
[Result "0-1"]
[WhiteElo "2470"]
[BlackElo "2646"]
[TimeControl "180+1"]
[EndTime "14:28:36 PDT"]
[Termination "lamomiablanca won on time"]

1. Nf3 Nf6 2. g3 g6 3. Bg2 b6 4. O-O Bb7 5. d4 Bg7 6. c4 O-O 7. d5 Na6 8. Nc3 Nc5 9. Qc2 c6 10. e4 cxd5 11. exd5 e6 12. Rd1 exd5 13. Ne5 d6 14.
Nd3 dxc4 15. Nxc5 Bxg2 16. Kxg2 bxc5 17. Bf4 d5 18. Be5 d4 19. Bxf6 Qxf6 20. Ne4 Qc6 21. f3 Rab8 22. Rac1 Rfe8 23. Qxc4 Rxb2+ 24. Rc2 Qe6 25. Qe2 Rxc2 26. Qxc2 c4 27. Re1 Qc6 28. Rc1 Rc8 29.
Nd2 c3 30. Nb3 Qc4 31. Rd1 Re8 32. Kf2 h5 33. Rd3 Re3 34. Rxe3 dxe3+ 35. Kxe3 Bh6+ 36. Kf2 Bg7 37. Ke3 a5 38. Kf2 a4 39. Nc1 Bd4+ 40. Kg2 Qe6 41. Ne2 Qe3 42. Nxd4 Qd2+ 43. Kh3 Qxd4 44. Kg2 Qd2+ 45. Qxd2 cxd2 0-1

[Event "Late-Titled-Tuesday-Blitz-May-28-2024"]
[Site "Chess.com"]
[Date "2024.05.28"]
[Round "3"]
[White "SharathRk6"]
[Black "glucolisis04"]
[Result "1/2-1/2"]
[WhiteElo "2534"]
[BlackElo "2273"]
[TimeControl "180+1"]
[EndTime "14:28:36 PDT"]
[Termination "Game drawn by repetition"]

1. e4 c5 2. Nf3 Nc6 3. Bb5 Nf6 4. d3 Qa5+ 5. Nc3 Nd4 6. Bc4 b5 7. Bb3 Nxb3 8. cxb3 Bb7 9. O-O e6 10. Bd2 Qb6 11. Re1 d6 12. e5 dxe5 13. Nxe5 Bd6 14. Bg5 b4 15. Nc4 Bxh2+ 16. Kxh2 Qc7+ 17. Kg1 bxc3 18. bxc3 Qc6 19. f3 Qc7 20. Qe2 h6 21. Bxf6 gxf6 22.
Qe3 Rg8 23. Re2 Qg3 24. Qxc5 Bxf3 25. Rf2 Bxg2 26. Nd6+ Kd7 27. Nf5 exf5 28. Qxf5+ Kc7 29. Qa5+ Kd7 30. Qf5+ Kc7 31. Qa5+ Kb7 32. Qb5+ Kc7 33.
Qa5+ 1/2-1/2

[Event "Late-Titled-Tuesday-Blitz-May-28-2024"]
[Site "Chess.com"]
[Date "2024.05.28"]
[Round "3"]
[White "Chaubunagungamaug1"]
[Black "arctic_t00"]
[Result "0-1"]
[WhiteElo "2466"]
[BlackElo "2645"]
[TimeControl "180+1"]
[EndTime "14:28:40 PDT"]
[Termination "arctic_t00 won by resignation"]

1. d4 e6 2. c4 Bb4+ 3. Bd2 a5 4. Nc3 Nf6 5. Nf3 b6 6. g3 Bb7 7. Bg2 O-O 8. O-O d6 9. a3 Bxc3 10. Bxc3 Ne4 11. Be1 Nd7 12. Qc2 f5 13. Rd1 a4 14.
d5 e5 15. Nd2 Nxd2 16. Bxd2 Nc5 17. Bc3 Ba6 18. Bb4 Qe8 19. Rfe1 Nb3 20. e3 Qh5 21. Bf1 Rf7 22. Be2 Qg5 23. f4 Qe7 24. Bf3 Re8 25. Kf2 Qd7 26. Bh5 g6 27. Bf3 Rfe7 28.
Bc3 Nc5 29. Bb4 exf4 30. exf4 Ne4+ 31. Kg2 h5 32. h4 Kh7 33. Re3 Nf6 34. Rxe7+ Rxe7 35. Re1 Qe8 36. Rxe7+ Qxe7 37. Qxa4 Bxc4 38. Qc6 Be2 39. Bc3 Bxf3+ 40. Kxf3 Qe4+ 41. Kf2 Ng4+ 42. Kf1 Qf3+ 43. Ke1 Qf2+ 0-1

[Event "Late-Titled-Tuesday-Blitz-May-28-2024"]
[Site "Chess.com"]
[Date "2024.05.28"]
[Round "3"]
[White "Statham_01"]
[Black "rezamahdavi2008"]
[Result "0-1"]
[WhiteElo "2695"]
[BlackElo "3005"]
[TimeControl "180+1"]
[EndTime "14:28:41 PDT"]
[Termination "rezamahdavi2008 won by checkmate"]

1. e4 c5 2. Nf3 d6 3. d4 cxd4 4. Nxd4 Nf6 5. Nc3 a6 6. a3 g6 7.
Be3 Bg7 8. f3 Nbd7 9. Qd2 h5 10.
Bc4 Qc7 11. Ba2 Ne5 12. Qe2 b5 13. O-O O-O 14. Rad1 Nc4 15. Bc1 e5 16. Nb3 Be6 17. Kh1 Rac8 18. Bg5 Nxb2 19. Bd2 Nxd1 20. Rxd1 d5 21.
exd5 Nxd5 22. Nxd5 Bxd5 23. Bb1 Bc4 24. Qe3 Rfd8 25.
Re1 Bxb3 26. cxb3 Qc5 27. Qe2 Qxa3 28. Bg5 Rd7 29. Be4 Qxb3 30. h4 Qe6 31. Ra1 Bf6 32.
Bh6 Bxh4 33. Qb2 Bf6 34. Qa3 Be7 35. Qa5 Qf6 36. Be3 Rcd8 37. Bc2 Qh4+ 38. Kg1 Qc4 39. Qa2 Bc5 40. Bxc5 Qxc5+ 41. Kh1 Rd2 42. Rc1 Qd4 43. Qb3 Qh4+ 44. Kg1 Qf2+ 45. Kh2 Qxg2# 0-1

[Event "Late-Titled-Tuesday-Blitz-May-28-2024"]
[Site "Chess.com"]
[Date "2024.05.28"]
[Round "3"]
[White "egnfanclub"]
[Black "j2806"]
[Result "1-0"]
[WhiteElo "2341"]
[BlackElo "2002"]
[TimeControl "180+1"]
[EndTime "14:28:41 PDT"]
[Termination "egnfanclub won by resignation"]

1. e4 c5 2. Nc3 Nc6 3. f4 e6 4.
Nf3 Be7 5. Bc4 Nf6 6. e5 Ng8 7. O-O d5 8. Bb5 Bd7 9. d3 a6 10. Bxc6 Bxc6 11. f5 exf5 12. d4 g6 13. Be3 b6 14.
Qd2 Qd7 15. Qf2 c4 16. b3 b5 17. bxc4 bxc4 18. Rab1 a5 19. Ng5 h6 20. Nh3 Bb4 21. Ne2 Ne7 22. c3 Ba3 23. Nhf4 Nc8 24. Ng3 Ra7 25. Rfe1 O-O 26. e6 fxe6 27. Nxg6 Rf6 28. Ne5 Qe8 29. Qf3 Bf8 30. Nh5 Rff7 31. Nxf7 Kxf7 32. Bf4 Rb7 33. Be5 Ne7 34. Nf4 Ng6 35. Qh5 Kg8 36. Qxg6+ Qxg6 37. Nxg6 Rxb1 38. Rxb1 1-0

[Event "Late-Titled-Tuesday-Blitz-May-28-2024"]
[Site "Chess.com"]
[Date "2024.05.28"]
[Round "3"]
[White "Polish_fighter3000"]
[Black "RandomNoob04"]
[Result "1-0"]
[WhiteElo "3121"]
[BlackElo "2770"]
[TimeControl "180+1"]
[EndTime "14:28:43 PDT"]
[Termination "Polish_fighter3000 won on time"]

1. e4 d5 2. exd5 Qxd5 3. Nc3 Qa5 4. g3 Nf6 5. Bg2 e5 6. d3 c6 7. Nf3 Bd6 8. O-O O-O 9. h3 h6 10. Re1 Qc7 11. g4 Be6 12. Ne2 Nbd7 13. Ng3 Rfe8 14.
Bd2 Bd5 15. c4 Be6 16. Bc3 Rad8 17. Qc2 b5 18. b3 Nh7 19. Ne4 Bf8 20. Re3 f6 21. d4 exd4 22. Nxd4 bxc4 23. Nxf6+ Nhxf6 24. Nxe6 Rxe6 25. Rxe6 cxb3 26. axb3 Qf4 27. Ra4 Qg5 28. Ra5 Qf4 29. Rf5 Qb8 30. Bxc6 Nc5 31. Rexf6 gxf6 32. Rxc5 1-0

[Event "Late-Titled-Tuesday-Blitz-May-28-2024"]
[Site "Chess.com"]
[Date "2024.05.28"]
[Round "3"]
[White "Mackster23"]
[Black "baki83"]
[Result "0-1"]
[WhiteElo "2670"]
[BlackElo "2932"]
[TimeControl "180+1"]
[EndTime "14:28:43 PDT"]
[Termination "baki83 won by checkmate"]

1. e4 c5 2. Nf3 Nc6 3. d4 cxd4 4. Nxd4 e6 5. Nc3 Qc7 6. Be3 a6 7. g4 b5 8. Nxc6 Qxc6 9. Qd2 Bb7 10. O-O-O Rc8 11. f3 Bb4 12. Bd4 f6 13. f4 Ne7 14.
Bg2 O-O 15. Qd3 Ng6 16. Rhf1 e5 17. fxe5 fxe5 18. Rxf8+ Rxf8 19. Nd5 exd4 20. Nxb4 Qe6 21. Qxd4 Qxg4 22. Qxd7 Qf4+ 23. Kb1 Bc8 24. Qd5+ Kh8 25. a4 Qxh2 26. Bh1 Bg4 27. Re1 bxa4 28. Nd3 a3 29. b3 Qd2 30. Rg1 Rc8 31. c4 Be2 32. Nc5 Qb2# 0-1

[Event "Late-Titled-Tuesday-Blitz-May-28-2024"]
[Site "Chess.com"]
[Date "2024.05.28"]
[Round "3"]
[White "tgpgoat"]
[Black "Magicmaster17"]
[Result "0-1"]
[WhiteElo "2517"]
[BlackElo "2875"]
[TimeControl "180+1"]
[EndTime "14:28:44 PDT"]
[Termination "Magicmaster17 won by resignation"]

1. Nf3 Nf6 2. d4 e6 3. Bg5 h6 4. Bf4 d6 5. Nbd2 g5 6. Bg3 Nh5 7. e3 Bg7 8. Bd3 b6 9. Qe2 Bb7 10. O-O-O Nd7 11. e4 a6 12. Kb1 Qe7 13. c3 b5 14. e5 Nxg3 15. hxg3 dxe5 16. Nxe5 Bxe5 17. dxe5 Bxg2 18. Rh2 Bb7 19. Be4 O-O-O 20. Bxb7+ Kxb7 21. Nb3 Nc5 22. Na5+ Kb6 23. b4 Na4 24. Qe3+ c5 25. Rhh1 Rxd1+ 26. Rxd1 Rd8 27. Rxd8 Qxd8 28. Kc2 Qd5 29.
Nb3 Kc6 30. bxc5 Nxc5 31. Nxc5 Qxc5 32. Qf3+ Qd5 33. Qxf7 Qxa2+ 34. Kc1 Qc4 35. Qe8+ Kd5 36. Kd2 Ke4 37. Qg6+ Kf3 38. Qxh6 Qe2+ 39. Kc1 Qxe5 40.
Qf8+ Ke2 41. Kb2 Qf5 42. Qd6 Kxf2 43. Qxa6 Kxg3 44. Qd6+ e5 45. Qc5 Qf2+ 0-1

[Event "Late-Titled-Tuesday-Blitz-May-28-2024"]
[Site "Chess.com"]
[Date "2024.05.28"]
[Round "3"]
[White "Pitomina"]
[Black "Felix-Rose"]
[Result "1-0"]
[WhiteElo "2489"]
[BlackElo "2276"]
[TimeControl "180+1"]
[EndTime "14:28:44 PDT"]
[Termination "Pitomina won by resignation"]

1. d4 d5 2. Bf4 Nf6 3. e3 c5 4. c3 Nc6 5. Nd2 Bg4 6. Qb3 Qc8 7. h3 Bh5 8. Ngf3 e6 9. g4 Bg6 10. Nh4 Be7 11. Nxg6 hxg6 12. Bg2 a6 13. Bf3 b5 14. h4 Nd7 15. h5 g5 16. Bg3 Bf6 17. e4 cxd4 18. exd5 dxc3 19. bxc3 Nc5 20. Qc2 exd5 21.
O-O Ne7 22. Rfe1 O-O 23. Rac1 Ra7 24. Nf1 Re8 25. Ne3 Ne4 26. Bxe4 dxe4 27. Qxe4 Ng6 28.
Qf3 Ne5 29. Bxe5 Rxe5 30. Nd5 Qe6 31. Rxe5 Bxe5 32. c4 bxc4 33. Rxc4 Rd7 34. Rc5 Bd4 35. Rc8+ Kh7 36. Nc7 Qe1+ 37. Kg2 Be5 38. Qf5+ g6 39.
hxg6+ Kh6 40. Qxd7 Qe4+ 41. Kf1 Qh1+ 42. Ke2 Qe4+ 43.
Kd2 Bf4+ 44. Kc3 Be5+ 45. Kd2 Bf4+ 46. Kc3 Be5+ 47. Kb3 Qb1+ 48. Kc4 Qb5+ 49. Qxb5 1-0

[Event "Late-Titled-Tuesday-Blitz-May-28-2024"]
[Site "Chess.com"]
[Date "2024.05.28"]
[Round "3"]
[White "Synctel"]
[Black "chess_sharparchitect"]
[Result "1-0"]
[WhiteElo "2077"]
[BlackElo "2352"]
[TimeControl "180+1"]
[EndTime "14:28:45 PDT"]
[Termination "Synctel won on time"]

1. d4 Nf6 2. Nf3 d5 3. e3 c5 4.
c3 Nc6 5. dxc5 a5 6. Bb5 e6 7. b4 Bd7 8. Bxc6 Bxc6 9. a4 Ne4 10.
Bb2 Qf6 11. Qc2 Qg6 12. O-O Be7 13. b5 Bd7 14. Ne5 Qg5 15. Nxd7 Kxd7 16. c4 Bxc5 17. cxd5 exd5 18. Nd2 Nxd2 19. Qxd2 Rhd8 20. Rac1 b6 21.
Bd4 Bb4 22. Qd3 Rac8 23. Bxb6 Re8 24. Bd4 Rxc1 25. Rxc1 Re6 26. g3 g6 27. Qc2 Qd8 28.
b6 Ke8 29. Qd3 Rxb6 30. Bxb6 Qxb6 31. Qxd5 Kf8 32. Rc8+ Kg7 33. Qd4+ Qxd4 34. exd4 Kf6 35. Re8 1-0

[Event "Late-Titled-Tuesday-Blitz-May-28-2024"]
[Site "Chess.com"]
[Date "2024.05.28"]
[Round "3"]
[White "Oleg_Papayan"]
[Black "K_A_S_T_O_R"]
[Result "0-1"]
[WhiteElo "2594"]
[BlackElo "2850"]
[TimeControl "180+1"]
[EndTime "14:28:46 PDT"]
[Termination "K_A_S_T_O_R won by resignation"]

1. e4 c5 2. d4 cxd4 3. Qxd4 Nc6 4. Qd3 g6 5. Nc3 Bg7 6. Nf3 d6 7. Be2 Bg4 8. O-O Nf6 9. Nd5 Nd7 10. c3 O-O 11.
Bg5 h6 12. Bh4 g5 13. Bg3 Bxf3 14. Qxf3 e6 15. Ne3 Nce5 16. Qh5 Nf6 17. Qh3 Nxe4 18.
Bxe5 dxe5 19. Ng4 f5 20. Nxh6+ Bxh6 21. Qxh6 Qf6 22. Qxf6 Nxf6 23. Rfd1 Rad8 24. Bc4 Kf7 25. a4 Ke7 26. Kf1 e4 27. h3 Nd7 28. a5 Ne5 29.
Be2 Rh8 30. Rxd8 Kxd8 31. Rd1+ Ke7 32. Ke1 Rc8 33. Rd4 Rc5 34. Rb4 Rc7 35. Kd2 Nc6 36. Rc4 Rd7+ 37. Kc2 Nxa5 38. Ra4 Nc6 39. Bb5 Rc7 40.
Bxc6 bxc6 41. b4 Kd6 42. c4 c5 43. Ra6+ Ke5 44. Kc3 cxb4+ 45. Kxb4 f4 46. c5 e3 47. fxe3 fxe3 48. Kc4 e2 49. Ra1 Ke4 50. Ra6 e5 51. Ra1 Ke3 52. Ra3+ Kf2 53. Ra2 Kf1 54. Kd5 e1=Q 0-1

[Event "Late-Titled-Tuesday-Blitz-May-28-2024"]
[Site "Chess.com"]
[Date "2024.05.28"]
[Round "3"]
[White "DonMicheleCorleone"]
[Black "WildBizon"]
[Result "0-1"]
[WhiteElo "2498"]
[BlackElo "2738"]
[TimeControl "180+1"]
[EndTime "14:28:46 PDT"]
[Termination "WildBizon won by resignation"]

1. e4 d5 2. exd5 Qxd5 3. Nc3 Qe5+ 4. Qe2 Qxe2+ 5. Bxe2 Nf6 6. Nf3 Bf5 7. Nb5 Na6 8.
Nbd4 Bd7 9. Bxa6 bxa6 10. O-O e6 11. Re1 Bd6 12. Ne5 Bc8 13. d3 Bb7 14. Nc4 Bb4 15. c3 Be7 16. Na5 O-O-O 17. Nxb7 Kxb7 18. Be3 Nd5 19. Rad1 Nxe3 20. fxe3 Rd6 21. Nb3 Rhd8 22. d4 Rd5 23. c4 Rh5 24. c5 f5 25. Na5+ Kc8 26.
Nc6 Re8 27. Rd3 Bf6 28. Rb3 Kd7 29. Nxa7 Ra8 30. Rb7 f4 31. Kf2 Rxh2 32. Kf3 fxe3 33. Kxe3 Rxg2 34. Rd1 Rg5 35. Ke4 Rd5 36. b4 h5 37. a4 h4 38. b5 Rxd4+ 39. Rxd4+ Bxd4 40. Kxd4 h3 41. b6 h2 42. bxc7 Rxa7 43. c6+ Kc8 44. Rb8+ Kxc7 45. Rh8 Kxc6 46. Rxh2 Kd6 47. Rh8 Rb7 48.
Kc4 a5 49. Rd8+ Ke7 0-1

[Event "Late-Titled-Tuesday-Blitz-May-28-2024"]
[Site "Chess.com"]
[Date "2024.05.28"]
[Round "3"]
[White "nocnypako"]
[Black "h4parah5"]
[Result "1-0"]
[WhiteElo "2706"]
[BlackElo "2977"]
[TimeControl "180+1"]
[EndTime "14:28:47 PDT"]
[Termination "nocnypako won by resignation"]

1. d4 Nf6 2. Bf4 c5 3. e3 Nd5 4. Bg3 Qb6 5. c4 Qxb2 6. cxd5 Qxa1 7. Qc2 d6 8. Nf3 g6 9. Bb5+ Bd7 10. Bxd7+ Nxd7 11.
O-O cxd4 12. exd4 Bg7 13. Nc3 Qxf1+ 14. Kxf1 O-O 15. Bf4 Rac8 16. Qb3 Nb6 17. Nb5 Ra8 18. Nxa7 Rxa7 19. Qxb6 Rfa8 20. g3 Bf6 21. h4 h5 22.
Kg2 Kg7 23. Be3 Rxa2 24. Qxb7 R2a7 25. Qc6 Ra6 26. Qc2 Ra2 27. Qe4 R8a3 28. Bg5 Rc3 29.
Bxf6+ exf6 30. Qf4 Rcc2 31. Ng1 Rcb2 32. Nh3 Rb6 33.
Qe3 Ra4 34. Nf4 Ra7 35. Qe8 Rb2 36. Qd8 Raa2 37. Nh3 Ra6 38. Qd7 Kg8 39. Qd8+ Kg7 40. Qe7 Kg8 41. Qxf6 Raa2 42. Qd8+ Kg7 43. Qe7 Kg8 44.
Qe8+ Kg7 45. Qd7 Rd2 46. Qxd6 Kg8 47. Qd8+ Kg7 48. Qe7 Re2 49. Qc7 Rac2 50. Qf4 Rcd2 51. Ng5 1-0

[Event "Late-Titled-Tuesday-Blitz-May-28-2024"]
[Site "Chess.com"]
[Date "2024.05.28"]
[Round "3"]
[White "neilbhav"]
[Black "Let_it_be_1"]
[Result "0-1"]
[WhiteElo "2422"]
[BlackElo "2580"]
[TimeControl "180+1"]
[EndTime "14:28:47 PDT"]
[Termination "Let_it_be_1 won by checkmate"]

1. d4 d5 2. c4 e6 3. Nc3 Be7 4. Nf3 Nf6 5. cxd5 exd5 6. Bg5 c6 7. Qc2 g6 8. e3 Bf5 9. Bd3 Bxd3 10. Qxd3 Nbd7 11.
O-O O-O 12. a3 a5 13. Rad1 Re8 14. Rfe1 Ne4 15. Bxe7 Qxe7 16. Nd2 Nd6 17. f3 Qg5 18. e4 dxe4 19. Ndxe4 Nxe4 20. Nxe4 Qd5 21. Nc3 Qd6 22. Qc4 Nb6 23. Qc5 Qxc5 24. dxc5 Nc4 25. Rxe8+ Rxe8 26. Rd7 Nxb2 27. Rxb7 Nd3 28. Ne4 Re6 29. Rd7 f5 30. Rxd3 fxe4 31. fxe4 Re5 32. Kf2 Rxc5 33. Ke3 Kf7 34.
Kd4 Rc2 35. g3 Ke6 36. Rc3 Rxc3 37. Kxc3 Ke5 38. Kd3 a4 39. h3 h6 40. h4 g5 41.
hxg5 hxg5 42. Ke3 c5 43. Kd3 g4 44. Kc4 Kxe4 45. Kxc5 Kf3 46. Kb4 Kxg3 47. Kxa4 Kf4 48. Kb5 g3 49. a4 g2 50. a5 g1=Q 51. a6 Qa7 52. Ka5 Ke5 53. Kb5 Kd5 54. Ka5 Kc4 55.
Ka4 Qxa6# 0-1

[Event "Late-Titled-Tuesday-Blitz-May-28-2024"]
[Site "Chess.com"]
[Date "2024.05.28"]
[Round "3"]
[White "Flaccidmoves"]
[Black "kemelgallo"]
[Result "1-0"]
[WhiteElo "2496"]
[BlackElo "2690"]
[TimeControl "180+1"]
[EndTime "14:28:48 PDT"]
[Termination "Flaccidmoves won by checkmate"]

1. d4 d5 2. c4 e6 3. Nf3 Nf6 4. g3 c6 5. Bg2 dxc4 6. O-O b5 7. a4 Bb7 8. Ne5 Nd5 9. b3 cxb3 10. Qxb3 a6 11.
Rd1 Bd6 12. e4 Nb6 13. Nc3 O-O 14. Be3 Qc7 15. f4 N8d7 16. Rac1 Rfd8 17. axb5 axb5 18. Nxb5 Qb8 19. Nxc6 Bxc6 20. Rxc6 Bf8 21. d5 exd5 22. exd5 Ra5 23. d6 Nc8 24. Rb1 Nxd6 25. Nxd6 Bxd6 26. Qxb8 Bxb8 27. Rb7 h6 28. h3 Nf6 29. Bb6 Rd1+ 30.
Kh2 Ra2 31. Rxb8+ Kh7 32. Rd8 Re1 33. f5 Ree2 34. Rcc8 Rxg2+ 35. Kh1 g5 36. Bd4 Rge2 37. Rh8+ Kg7 38. Rcg8# 1-0

[Event "Late-Titled-Tuesday-Blitz-May-28-2024"]
[Site "Chess.com"]
[Date "2024.05.28"]
[Round "3"]
[White "sofaceindisguise"]
[Black "almaguerjm"]
[Result "1-0"]
[WhiteElo "2632"]
[BlackElo "2456"]
[TimeControl "180+1"]
[EndTime "14:28:49 PDT"]
[Termination "sofaceindisguise won by resignation"]

1. e4 e5 2. Nf3 Nc6 3. Bc4 Nf6 4. d3 h6 5. O-O d6 6. a4 g5 7. Nc3 g4 8. Nd2 Nd4 9. Nd5 Rg8 10. c3 Ne6 11. Re1 c6 12. Nxf6+ Qxf6 13. Nf1 h5 14. Bxe6 Bxe6 15. d4 h4 16. Be3 Bh6 17. Bxh6 Qxh6 18.
Qd2 Qh5 19. d5 cxd5 20. exd5 Bd7 21. a5 f5 22. c4 Rc8 23. Rac1 f4 24. Qxf4 Rf8 25.
Qe3 a6 26. b4 Qf5 27. c5 Bb5 28. Nd2 Kd7 29. Ne4 g3 30. hxg3 hxg3 31. Nxg3 Qg6 32.
Qe4 Qf7 33. Qg4+ Kd8 34. f3 Bd7 35. Qh4+ Kc7 36. cxd6+ Kb8 37. Rxc8+ Rxc8 38. Qe7 Qxd5 39. Qxd7 Qd4+ 40. Kf1 Rc2 41. Qd8+ Rc8 42. Qb6 Qd3+ 43. Ne2 Rh8 44. Rc1 e4 45. Qc7+ Ka8 46. d7 Rh1+ 47. Kf2 e3+ 48. Kg3 Qg6+ 49. Kf4 Qh6+ 50. Ke4 Rh4+ 51. g4 Qe6+ 52. Kd3 Qd5+ 53. Nd4 Rh8 54. Qc8+ Ka7 55. Qc5+ Qxc5 56. Rxc5 Rd8 57. Rd5 1-0

[Event "Late-Titled-Tuesday-Blitz-May-28-2024"]
[Site "Chess.com"]
[Date "2024.05.28"]
[Round "3"]
[White "DanielNaroditsky"]
[Black "Dolphin_2010"]
[Result "1-0"]
[WhiteElo "3079"]
[BlackElo "2742"]
[TimeControl "180+1"]
[EndTime "14:28:53 PDT"]
[Termination "DanielNaroditsky won on time"]

1. e4 c6 2. d4 d5 3. e5 Bf5 4. h4 h6 5. Bd3 Bxd3 6. Qxd3 e6 7.
Nd2 c5 8. dxc5 Bxc5 9. Nb3 Bb6 10. Qg3 Kf8 11. Ne2 Ne7 12. Bd2 Nbc6 13. Bc3 Rc8 14. O-O-O Nf5 15. Qf4 h5 16. Kb1 g6 17. Ng3 Nce7 18.
Ne4 Rc4 19. Nbd2 Qc7 20. Nxc4 Qxc4 21. Rhe1 dxe4 22. Rxe4 Qc5 23. Bb4 Qxf2 24. Bxe7+ Kxe7 25. Qg5+ Ke8 26. Qf6 Rf8 27. Rc4 Ne7 28. Qxf2 Bxf2 29. Rc7 Bb6 30. Rxb7 Nc6 31. a4 Nxe5 32. b4 Nc6 33. a5 Bd8 34. a6 e5 35. b5 Nd4 36. c3 Ne6 37. Rxa7 Nc5 38. Ra8 Ke7 39. Raxd8 Rxd8 40. Rxd8 1-0

[Event "Late-Titled-Tuesday-Blitz-May-28-2024"]
[Site "Chess.com"]
[Date "2024.05.28"]
[Round "3"]
[White "Slovak_fighter2000"]
[Black "NCchamp"]
[Result "1-0"]
[WhiteElo "2550"]
[BlackElo "2353"]
[TimeControl "180+1"]
[EndTime "14:28:53 PDT"]
[Termination "Slovak_fighter2000 won by resignation"]

1. c4 c6 2. d4 d5 3. Nf3 Nf6 4.
e3 a6 5. Nc3 b5 6. b3 Bg4 7. Be2 e6 8. O-O Bd6 9. h3 Bh5 10. a4 b4 11. Nb1 a5 12. Nbd2 Nbd7 13. Bb2 O-O 14. Rc1 Rc8 15. Bd3 Bg6 16. Bxg6 hxg6 17.
Qe2 Qc7 18. cxd5 exd5 19. Rc2 Qb7 20. Rfc1 Rfe8 21. Ne1 Ne4 22. Nxe4 Rxe4 23. Nd3 Nb8 24. Nc5 Qe7 25. Nxe4 Qxe4 26. Qf3 Qe7 27. Qg4 Rc7 28. Re2 Qe8 29. e4 dxe4 30. Rxe4 Qd8 31.
Qe2 Qg5 32. Re8+ Kh7 33. Qg4 Qxg4 34. hxg4 Nd7 35. Ra8 Bf4 36. Rc2 Nb6 37. Rxa5 Nd5 38. g3 Bd6 39. Ra6 Re7 40. Raxc6 Bb8 41. Kg2 Ba7 42. a5 f5 43. gxf5 gxf5 44. Rd6 Nf6 45. d5 Ne4 46. Re6 Rf7 47. d6 Rd7 48. Re7 Rxd6 49. Rxg7+ Kh6 50. Rxa7 1-0

[Event "Late-Titled-Tuesday-Blitz-May-28-2024"]
[Site "Chess.com"]
[Date "2024.05.28"]
[Round "3"]
[White "ACollins05"]
[Black "BenchGM"]
[Result "1-0"]
[WhiteElo "2484"]
[BlackElo "2230"]
[TimeControl "180+1"]
[EndTime "14:28:53 PDT"]
[Termination "ACollins05 won by checkmate"]

1. Nf3 Nf6 2. e3 b6 3. b3 Bb7 4. Bb2 g6 5. Be2 Bg7 6. O-O O-O 7.
d4 d6 8. c4 Nbd7 9. Nc3 Re8 10. b4 a5 11. a3 e5 12. Qc2 exd4 13. Nxd4 Ne4 14. Bf3 f5 15. Rfd1 Qc8 16. Nxe4 fxe4 17. Bg4 h5 18. Be2 Ne5 19. c5 bxc5 20. bxc5 Ba6 21.
Bxa6 Rxa6 22. cxd6 cxd6 23. Qxe4 Kh7 24. Rac1 Qb8 25. Ba1 Rb6 26. Qc2 Qa8 27. Qc7 Qa6 28. Nc6 Rxc6 29. Rxc6 Qxc6 30. Qa7 Qc2 31. Rf1 Qf5 32.
Rd1 Qg4 33. Rxd6 Nf3+ 34. Kh1 Ne5 35. h3 Qg5 36. f4 Qf5 37. Bxe5 Rxe5 38. fxe5 Kh6 39.
Rd1 Bxe5 40. Qxa5 Qg5 41. Rd5 Qxe3 42. Rxe5 Qc1+ 43. Qe1 Qc6 44. Re6 Qc4 45. Qe3+ Kg7 46. Re7+ Kf6 47. Qe5# 1-0

[Event "Late-Titled-Tuesday-Blitz-May-28-2024"]
[Site "Chess.com"]
[Date "2024.05.28"]
[Round "3"]
[White "AlexeiShirov"]
[Black "Alphafischer2019"]
[Result "1-0"]
[WhiteElo "2903"]
[BlackElo "2662"]
[TimeControl "180+1"]
[EndTime "14:28:54 PDT"]
[Termination "AlexeiShirov won by resignation"]

1. e4 c5 2. Nf3 Nc6 3. d4 cxd4 4. Nxd4 g6 5. c4 Nf6 6. Nc3 d6 7. Be2 Nxd4 8. Qxd4 Bg7 9. Qe3 O-O 10. O-O Be6 11. Rb1 Qa5 12. Bd2 Qc5 13. Nd5 Bxd5 14. Qxc5 dxc5 15.
exd5 Rfd8 16. Be3 Rac8 17. Rfd1 Ne4 18. Bd3 Nd6 19. a3 b6 20. Rdc1 Rc7 21. b4 Rdc8 22.
bxc5 bxc5 23. Rb3 Bd4 24. Bf4 Kg7 25. Rcb1 Rd7 26. h4 h6 27. g3 Rdc7 28. Kg2 Rd7 29.
Rb8 Rdc7 30. Rxc8 Rxc8 31. a4 Rc7 32. a5 Rd7 33. a6 Bc3 34. Rb8 Ba5 35. Be2 Bb6 36. Bg4 Rd8 37. Rb7 g5 38. hxg5 hxg5 39. Bxg5 Nxb7 40. axb7 Bc7 41. Bxe7 Rb8 42. Bc8 Be5 43. Bxc5 a5 44. d6 a4 45. d7 a3 46. Bxa3 Bd6 47. Bxd6 1-0

[Event "Late-Titled-Tuesday-Blitz-May-28-2024"]
[Site "Chess.com"]
[Date "2024.05.28"]
[Round "3"]
[White "rhungaski"]
[Black "Redzishchess"]
[Result "1-0"]
[WhiteElo "2605"]
[BlackElo "2443"]
[TimeControl "180+1"]
[EndTime "14:28:54 PDT"]
[Termination "rhungaski won by resignation"]

1. b3 a5 2. c4 e5 3. Bb2 Nc6 4.
e3 Nf6 5. a3 Bc5 6. d4 exd4 7.
exd4 Ba7 8. h3 O-O 9. Nf3 d6 10.
Be2 Bf5 11. O-O h6 12. Nc3 Re8 13. Re1 Qd7 14. Nb5 Bb6 15. Rc1 Ne4 16. Bf1 Bh7 17.
Re3 Re7 18. Bd3 Rae8 19. Qe2 Ng3 20. Bxh7+ Kxh7 21. Qc2+ Ne4 22. c5 dxc5 23. dxc5 Bxc5 24. Rxe4 Rxe4 25. Qxc5 Kg8 26. Qc3 f6 27. Nbd4 Nxd4 28.
Nxd4 c6 29. Nf3 a4 30. bxa4 Qf7 31. Qd3 Re2 32. Bd4 Ra2 33. Be3 Qf8 34. Qb3+ Qf7 35. Qb4 Re7 36. Nd4 Rd7 37. a5 c5 38. Qxc5 f5 39. Nxf5 Rd5 40. Qxd5 Qxd5 41. Ne7+ 1-0

[Event "Late-Titled-Tuesday-Blitz-May-28-2024"]
[Site "Chess.com"]
[Date "2024.05.28"]
[Round "3"]
[White "th3d4rkness"]
[Black "KorolDimitriy75"]
[Result "0-1"]
[WhiteElo "2149"]
[BlackElo "2398"]
[TimeControl "180+1"]
[EndTime "14:28:54 PDT"]
[Termination "KorolDimitriy75 won on time"]

1. e4 c5 2. Nc3 g6 3. d4 cxd4 4. Qxd4 Nf6 5. Bd2 Nc6 6. Qe3 Bg7 7. O-O-O O-O 8. Kb1 d5 9. Nxd5 Nxd5 10. exd5 Qxd5 11. Nf3 Be6 12. b3 a5 13. Bc4 Qf5 14. Bxe6 Qf6 15. Bc3 Qxc3 16. Qxc3 Bxc3 17. Bd5 Nb4 18. Bxb7 Ra7 19.
Bd5 a4 20. Bc4 Rb8 21. Nd4 axb3 22. Bxb3 e5 23. Ne2 Nxa2 24. Rd3 Bd4 25. Nxd4 exd4 26.
Rxd4 Nc3+ 27. Kb2 Nb5 28. Rd5 Kg7 29. Rhd1 Rbb7 30. Rd8 h5 31. R1d3 Na3 32. Rc3 h4 0-1